 Dungeon Crawl Stone Soup version 0.31-a0-183-g4352c244c2 (webtiles) character file.

Game seed: 1993249582510622357

96 Essalna the Firebug (level 4, 0/26 HPs)
             Began as a Tengu Fire Elementalist on June 22, 2023.
             Frozen to death by an endoplasm (5 damage)
             ... on level 2 of the Dungeon.
             The game lasted 00:02:55 (1735 turns).

Essalna the Firebug (Tengu Fire Elementalist)       Turns: 1735, Time: 00:02:56

Health: 0/26       AC:  3    Str:  8    XL:     4   Next: 67%
Magic:  0/8        EV: 12    Int: 17    God:
Gold:   41         SH:  0    Dex: 15    Spells: 4/7 levels left

rFire   . . .        (no weapon)
rCold   . . .        (no shield)
rNeg    . . .        a - +0 robe
rPois   .            (helmet restricted)
rElec   .            d - +0 cloak
rCorr   .            (no gloves)
SInv    .            (boots unavailable)
Will    .....        (no amulet)
Stlth   ++           (no ring)
HPRegen 0.24/turn    (no ring)
MPRegen 0.11/turn

%: no passive effects
@: weak-willed, enlightened, flying, very slightly contaminated, hasted, very
quick
A: beak, talons 3
a: no special abilities


You were on level 2 of the Dungeon.
You visited 1 branch of the dungeon, and saw 2 of its levels.

You collected 41 gold pieces.

Inventory:

Armour
 a - a +0 robe (worn)
 d - a +0 cloak (worn)
Scrolls
 c - a scroll of vulnerability
 f - a scroll of identify
Potions
 b - a potion of magic
 e - a potion of mutation
 j - a potion of degeneration {unknown}


   Skills:
 + Level 2.2 Fighting
 - Level 2.1 Dodging
 - Level 2.0 Stealth
 - Level 2.0 Spellcasting
 + Level 3.4 Conjurations
 + Level 4.2 Fire Magic


You had 4 spell levels left.
You knew the following spells:

 Your Spells              Type           Power      Damage    Failure   Level
a - Foxfire               Conj/Fire      56%        2x1d6     4%          1
b - Scorch                Fire           32%        2d6       4%          2

Your spell library contained the following spells:

 Spells                   Type           Power      Damage    Failure   Level
 Slow                     Hex            4%         N/A       19%         1
 Inner Flame              Hex/Fire       8%         N/A       24%         3
 Volatile Blastmotes      Fire/Tloc      16%        2d11      24%         3
 Flame Wave               Conj/Fire      14%        2d6       36%         4
 Confusing Touch          Hex            1%         N/A       50%         3
 Vampiric Draining        Necr           1%         2d6       50%         3


Dungeon Overview and Level Annotations

Branches:
Dungeon (2/15)

Altars:
Xom

Shops:
D:2 =

Annotations:
D:2 Robin


Innate Abilities, Weirdness & Mutations

You have a beak for a mouth.
You have claws for feet.


Message History

* * * LOW HITPOINT WARNING * * *
The goblin closely misses you.
Robin opens the door.
It was a potion of enlightenment.
You feel very buoyant.
You fly up into the air.
The goblin completely misses you. The goblin closely misses you.
The hobgoblin closely misses you. The goblin hits you with a +0 club.
* * * LOW HITPOINT WARNING * * *
Okay, then.
Casting: Scorch (safe; 4% risk of failure)
Confirm with . or Enter, or press ? or * to list all spells.
You miscast Scorch.
You are very lightly contaminated with residual magic.
Nothing appears to happen.
The endoplasm completely misses you.
A goblin opens the door.
The goblin hits you with a +0 club.
* * * LOW HITPOINT WARNING * * *
The goblin closely misses you. The hobgoblin barely misses you.
The goblin barely misses you.
It was a potion of heal wounds.
You feel much better.
A worm comes into view.
The endoplasm misses you. The goblin closely misses you.
The goblin hits you with a +0 club.
The hobgoblin hits you but does no damage.
The goblin hits you with a +0 club.
Casting: Scorch (safe; 4% risk of failure)
Confirm with . or Enter, or press ? or * to list all spells.
Flames lash the goblin.
You kill the goblin!
Robin is no longer more vulnerable to fire.
The endoplasm hits you. The goblin hits you with a +0 club.
* * * LOW HITPOINT WARNING * * *
The goblin closely misses you. The goblin barely misses you.
The hobgoblin hits you but does no damage.
It was a potion of haste.
You feel yourself speed up.
The hobgoblin hits you but does no damage.
The goblin closely misses you. The goblin hits you with a +0 club.
* * * LOW HITPOINT WARNING * * *
The endoplasm freezes you.
You are frozen.
You die...

#..# ###....# #..#
###### #..# # # #..#
.#.# #..#### ##..w.
#.....########......
##.##.......gg''....
#.#######.ggJg'....
#.# #.#@ggr.... #.#
#.##gg..... #.# #)#


gg..... #.# ... ##..... #.. .#. ..... #. . .... ## ## ... #.. You could see a
worm, Robin (weak-willed), an endoplasm (weak-willed), 3 hobgoblins, 7 goblins
and a rat (weak-willed).

Vanquished Creatures
  A scorpion (D:2)
  2 dart slugs (D:1)
  3 endoplasms (D:1)
  2 giant cockroaches (D:1)
  3 goblins
  2 hobgoblins (D:1)
  A quokka (D:2)
  4 ball pythons
  5 bats
  2 frilled lizards (D:1)
  2 kobolds
  4 rats (D:1)
31 creatures vanquished.

Vanquished Creatures (others)
  117 foxfires
117 creatures vanquished.

Grand Total: 148 creatures vanquished

Notes
Turn   | Place    | Note
-------+----------+-------------------------------------------
     0 | D:1      | Essalna the Tengu Fire Elementalist began the quest for the
                  | Orb.
     0 | D:1      | Reached XP level 1. HP: 10/10 MP: 4/4
     6 | D:1      | Noticed a hog
     6 | D:1      | Noticed a black bear
     6 | D:1      | Noticed a water moccasin
     7 | D:1      | Noticed a komodo dragon
   184 | D:1      | Reached XP level 2. HP: 16/16 MP: 4/6
   540 | D:1      | Reached skill level 1 in Fighting
   816 | D:1      | Reached XP level 3. HP: 20/20 MP: 3/7
  1444 | D:2      | Learned a level 2 spell: Scorch
  1583 | D:2      | Found a shimmering altar of Xom.
  1596 | D:2      | Noticed a scorpion
  1603 | D:2      | Killed a scorpion
  1604 | D:2      | Reached skill level 4 in Fire Magic
  1604 | D:2      | Reached XP level 4. HP: 26/26 MP: 1/8
  1724 | D:2      | Found Daalyxze's Jewellery Emporium.
  1725 | D:2      | Noticed Robin
  1735 | D:2      | Frozen to death by an endoplasm

Illustrated notes

Levels and vault maps discovered:
D:1:      onia_arrival_zoo_common, layout_basic, minmay_pentomino_r4
D:2:      layout_loops_ring, serial_shops, nicolae_shop_tiny_waterfront,
          nicolae_shop_tiny_real_fake_doors, basic_altar, uniq_robin,
          uniq_terence

Skill      XL: |  1  2  3 |
---------------+----------+-----
Conjurations   | 2 3 |  3.4
Fighting       | 1 2 |  2.2
Fire Magic     | 4 |  4.2
Dodging        | |  2.1
Stealth        | |  2.0
Spellcasting   | |  2.0

Action                     |  1- 3 |  4- 6 || total
---------------------------+-------+-------++-------
  Melee: Unarmed           |    18 |     4 ||    22
         Peck              |     3 |     2 ||     5
         Kick              |     6 |       ||     6
   Cast: Foxfire           |    72 |     7 ||    79
         Scorch            |       |     2 ||     2
    Use: Potion            |       |     3 ||     3
         Scroll            |       |     2 ||     2
   Stab: Sleeping          |     1 |       ||     1
 Armour: Robe              |     4 |     5 ||     9
  Dodge: Dodged            |    18 |    21 ||    39

Table legend: (Time is in decaauts)
 A = Elapsed time spent in this place.
 B = Non-inter-level travel time spent in this place.
 C = Inter-level travel time spent in this place.
 D = Time resting spent in this place.
 E = Time spent auto-exploring this place.
 F = Levels seen in this place.
 G = Mean time per level.
                   A        B        C        D        E       F      G
               +--------+--------+--------+--------+--------+-----+--------+
         Total |   1734 |   1712 |     22 |      0 |   1503 |   2 |  867.0 |
       Dungeon |   1734 |   1712 |     22 |      0 |   1503 |   2 |  867.0 |
               +--------+--------+--------+--------+--------+-----+--------+

Top non-repeatable levels by time:
     D:1: 1364 daAuts
     D:2: 370 daAuts
